 Dungeon Crawl Stone Soup version 0.31-a0-774-g0d66cbabe8 (webtiles) character file.

Game seed: 2912516777954018841

19 Shayle the Vexing (level 2, 0/29 HPs)
             Began as an Ogre Hexslinger on Sept 18, 2023.
             Slain by an adder (2 damage)
             ... on level 2 of the Dungeon.
             The game lasted 00:02:05 (997 turns).

Shayle the Vexing (Ogre Hexslinger)                  Turns: 997, Time: 00:02:06

Health: 0/29       AC:  3    Str: 11    XL:     2   Next: 75%
Magic:  4/4        EV: 10    Int: 14    God:
Gold:   49         SH:  0    Dex: 11    Spells: 2/4 levels left

rFire   + . .        a - +1 sling
rCold   + . .        (no shield)
rNeg    . . .        c - +0 robe
rPois   +            (helmet restricted)
rElec   +            (no cloak)
rCorr   +            (gloves unavailable)
SInv    .            (boots unavailable)
Will    .....        (no amulet)
Stlth   +            (no ring)
HPRegen 0.24/turn    (no ring)
MPRegen 0.09/turn

%: no passive effects
@: mighty, resistant, invisible
A: large, unfitting armour, tough skin 1
a: no special abilities


You were on level 2 of the Dungeon.
You visited 1 branch of the dungeon, and saw 2 of its levels.

You collected 49 gold pieces.

Inventory:

Hand Weapons
 a - a +1 sling (weapon)
Armour
 c - a +0 robe (worn)
Scrolls
 b - a scroll of poison
Potions
 g - a potion of invisibility
 h - a potion of resistance


   Skills:
 + Level 2.3 Fighting
 - Level 1.3 Ranged Weapons
 + Level 2.2 Dodging
 + Level 1.9 Spellcasting
 - Level 2.6 Hexes
 - Level 0.8 Fire Magic


You had 2 spell levels left.
You knew the following spells:

 Your Spells              Type           Power      Damage    Failure   Level
a - Call Imp              Summ           2%         N/A       36%         2

Your spell library contained the following spells:

 Spells                   Type           Power      Damage    Failure   Level
 Jinxbite                 Hex            16%        N/A       12%         2
 Magic Dart               Conj           4%         1d3       24%         1
 Lesser Beckoning         Tloc           2%         N/A       36%         2
 Sigil of Binding         Hex            8%         N/A       24%         3
 Inner Flame              Hex/Fire       6%         N/A       34%         3
 Gell's Gravitas          Tloc           1%         N/A       58%         3
 Mephitic Cloud           Conj/Pois/Air  1%         N/A       58%         3
 Teleport Other           Tloc           1%         N/A       58%         3
 Cause Fear               Hex            4%         N/A       61%         4
 Dimensional Bullseye     Hex/Tloc       2%         N/A       80%         4


Dungeon Overview and Level Annotations

Branches:
Dungeon (2/15)

Altars:


Innate Abilities, Weirdness & Mutations

You are too large for most types of armour.
You have tough skin. (AC +1)


Message History

The adder closely misses you. The adder bites you.
You shoot a sling bullet. The sling bullet hits the adder.
The adder is heavily wounded.
The adder barely misses you. The adder bites you.
You shoot a sling bullet.
The sling bullet barely misses the adder.
The adder bites you but does no damage.
You shoot a sling bullet.
The sling bullet closely misses the adder.
The adder bites you. x2
You are poisoned.
The adder poisons you!
You are too injured to fight recklessly!
You are too injured to fight recklessly!
Unknown command.
You shoot a sling bullet.
The sling bullet closely misses the adder.
You feel very sick. The adder completely misses you. The adder bites you.
* * * LOW HITPOINT WARNING * * *
It was a potion of invisibility.
You fade into invisibility!
You feel sick. The adder barely misses you.
You shoot a sling bullet.
The sling bullet hits the adder but does no damage.
The adder is heavily wounded.
You feel sick. The adder barely misses you. x2
It was a potion of resistance.
You feel protected.
You feel sick. The adder bites you.
* * * LOW HITPOINT WARNING * * *
It was a potion of might.
You feel very mighty all of a sudden.
You feel sick. The adder closely misses you.
Okay, then.
Okay, then.
You shoot a sling bullet. The sling bullet misses the adder.
You feel sick.
You are no longer poisoned.
The adder bites you.
You die...

#.############
#.##..........
#.##..........
######.##..#######.
...........#.. ..
######.###.##.#S##
####.###.#?!.??# #
.........###.###.#
#######......S@..#
#.....######
#######


You could see an adder (unable to see you).

Vanquished Creatures
  A worm (D:2)
  2 endoplasms (D:2)
  A giant cockroach (D:1)
  3 goblins
  2 hobgoblins (D:1)
  A quokka (D:1)
  2 ball pythons
  2 frilled lizards
14 creatures vanquished.

Notes
Turn   | Place    | Note
-------+----------+-------------------------------------------
     0 | D:1      | Shayle the Ogre Hexslinger began the quest for the Orb.
     0 | D:1      | Reached XP level 1. HP: 19/19 MP: 2/2
   296 | D:1      | You fall into a shaft and drop 1 floor!
   449 | D:1      | Reached XP level 2. HP: 28/28 MP: 4/4
   659 | D:2      | Learned a level 2 spell: Call Imp
   884 | D:2      | Found a faded altar of an unknown god.
   997 | D:2      | Slain by an adder

Illustrated notes

Levels and vault maps discovered:
D:1:      dpeg_arrival_renting, layout_loops_cross
D:2:      layout_basic, hellmonk_ecumenical_altar_arch_garden,
          minmay_split_cup_large

Skill      XL: |  1  2 |
---------------+-------+-----
Dodging        | 2 |  2.2
Fighting       | 2 |  2.3
Ranged Weapons | |  1.3
Spellcasting   | |  1.9
Hexes          | |  2.6
Fire Magic     | |  0.8

Action                     || total
---------------------------++-------
   Fire: Sling             ||    51
    Use: Potion            ||     3
         Scroll            ||     2
 Armour: Robe              ||    20
  Dodge: Dodged            ||    19

Table legend: (Time is in decaauts)
 A = Elapsed time spent in this place.
 B = Non-inter-level travel time spent in this place.
 C = Inter-level travel time spent in this place.
 D = Time resting spent in this place.
 E = Time spent auto-exploring this place.
 F = Levels seen in this place.
 G = Mean time per level.
                   A        B        C        D        E       F      G
               +--------+--------+--------+--------+--------+-----+--------+
         Total |   1014 |   1014 |      0 |     48 |    770 |   2 |  507.0 |
       Dungeon |   1014 |   1014 |      0 |     48 |    770 |   2 |  507.0 |
               +--------+--------+--------+--------+--------+-----+--------+

Top non-repeatable levels by time:
     D:1: 690 daAuts
     D:2: 323 daAuts
